Map: Glittering Ashes LE

Players

XiaoMu - Winner!

  • Race: Zerg Zerg
  • League: Diamond
  • Spawn Location: 7:00

Boots

  • Race: Zerg Zerg
  • League: Diamond
  • Spawn Location: 1:00

VOD

Have the link to the VOD?

Description

Time

  • Played on: May 30, 2022, 12:05 a.m.
  • Length: 11:16
Show
View Real Time Build Order
Export as new Build Order

XiaoMu Zerg - Winner!

Build Orders: Hatch First 

Get SALT Encoding   

  12  0:03  Drone  
  13  0:11  Drone  
  14  0:20  Overlord  
  14  0:38  Drone x2  
  14  0:39  Drone  
  17  0:54  Hatchery  
  16  0:58  Drone  
  17  1:09  Spawning Pool  
  16  1:15  Drone, Extractor  
  16  1:20  Drone  
  17  1:28  Drone  
  18  1:35  Drone  
  19  1:51  Drone  
  20  1:57  Drone  
  21  2:05  Queen  
  21  2:06  Overlord, Queen  
  25  2:09  Drone  
  26  2:18  Metabolic Boost  
  26  2:21  Drone x2  
  28  2:31  Drone  
  28  2:32  Drone, Roach Warren  
  29  2:40  Drone  
  29  2:41  Drone  
  31  2:54  Drone x2, Extractor  
  32  3:04  Evolution Chamber  
  31  3:07  Drone x2  
  33  3:13  Roach  
  33  3:17  Hatchery  
  33  3:18  Drone  
  34  3:22  Roach  
  36  3:31  Zerg Missile Weapons Level 1  
  36  3:36  Overlord  
  36  3:37  Overlord  
  36  3:50  Overlord  
  36  3:56  Roach x3  
  36  3:57  Drone  
  43  4:10  Drone  
  43  4:11  Drone x3  
  43  4:12  Lair  
  47  4:18  Drone x3  
  47  4:19  Roach  
  47  4:23  Queen  
  54  4:28  Roach  
  54  4:30  Drone x3  
  59  4:37  Roach  
  61  4:44  Roach  
  61  4:45  Roach  
  65  4:57  Overlord  
  65  4:58  Overlord x2  
  65  5:00  Drone  
  66  5:11  Tunneling Claws  
  66  5:17  Roach  
  66  5:18  Roach  
  70  5:27  Extractor x2  
  68  5:33  Drone x5  
  73  5:36  Roach x3  
  73  5:38  Zergling x8  
  73  5:39  Zergling x2  
  84  5:48  Drone x2  
  84  5:49  Drone  
  87  5:55  Roach  
  87  5:56  Overlord x2  
  87  5:57  Overlord  
  89  6:05  Zerg Missile Weapons Level 2  
  89  6:12  Drone  
  89  6:17  Roach  
  89  6:18  Roach x3  
  97  6:19  Roach  
  97  6:20  Roach  
  100  6:29  Roach  
  100  6:30  Roach x4  
  105  6:36  Roach  
  105  6:37  Overseer  
  105  6:46  Roach  
  111  6:47  Roach x3  
  111  6:48  Overlord x2  
  111  6:51  Zergling x6  
  104  7:05  Roach x5  
  104  7:06  Roach  
  104  7:07  Overlord  
  108  7:20  Roach x3  
  100  7:27  Roach  
  100  7:28  Roach  
  95  7:34  Roach x4  
  95  7:40  Glial Reconstitution  
  91  7:50  Roach  
  91  7:51  Roach x6  
  95  7:58  Evolution Chamber  
  92  8:14  Roach  
  92  8:15  Roach x11  
  116  8:20  Drone  
  116  8:23  Extractor  
  116  8:29  Zerg Ground Armor Level 1  
  116  8:33  Roach  
  116  8:34  Roach x2  
  122  8:35  Zergling x8  
  122  8:36  Zergling x4  
  128  8:47  Roach x3  
  134  8:55  Roach, Overlord x2  
  136  8:56  Overlord  
  132  9:16  Roach  
  119  9:17  Roach x9  
  119  9:32  Roach  
  119  9:33  Roach x8  
  121  10:05  Drone  
  122  10:08  Roach x8  
  122  10:09  Roach x5  
  148  10:25  Extractor  
  148  10:27  Roach x6  
  159  10:52  Roach  
  159  10:53  Roach x2  
  159  10:55  Overlord x3  
Show
View Real Time Build Order
Export as new Build Order

Boots Zerg 

Build Orders: Hatch First 

Get SALT Encoding   

  12  0:05  Drone  
  13  0:14  Overlord  
  13  0:18  Drone  
  14  0:32  Drone x2  
  16  0:49  Hatchery  
  15  0:51  Drone  
  15  0:55  Drone  
  17  1:00  Drone  
  18  1:09  Extractor  
  17  1:17  Spawning Pool  
  16  1:19  Drone  
  16  1:22  Drone  
  18  1:31  Drone  
  19  1:42  Drone  
  20  1:53  Drone  
  21  2:06  Queen x2  
  21  2:07  Zergling x4  
  27  2:11  Zergling x2  
  28  2:19  Metabolic Boost  
  28  2:22  Overlord  
  28  2:37  Hatchery  
  28  2:38  Drone  
  28  2:40  Drone  
  29  2:51  Queen  
  29  2:56  Queen  
  33  2:59  Drone  
  33  3:02  Drone  
  35  3:07  Overlord  
  35  3:12  Overlord  
  34  3:23  Drone x2  
  35  3:34  Drone x6  
  40  3:53  Evolution Chamber  
  40  3:54  Evolution Chamber  
  38  3:57  Roach Warren  
  38  3:58  Queen  
  38  4:00  Drone x2  
  38  4:01  Drone  
  42  4:03  Drone  
  42  4:05  Drone  
  42  4:07  Drone  
  45  4:12  Spine Crawler  
  44  4:17  Lair  
  44  4:20  Drone  
  44  4:21  Drone  
  46  4:24  Drone  
  46  4:25  Extractor  
  46  4:32  Drone x3  
  46  4:33  Overlord  
  49  4:49  Roach  
  49  4:50  Roach x4  
  58  4:59  Overlord  
  58  5:00  Overlord x2  
  58  5:01  Zergling x6  
  58  5:04  Roach  
  63  5:13  Zerg Missile Weapons Level 1  
  63  5:14  Zerg Ground Armor Level 1  
  63  5:16  Roach  
  65  5:22  Drone x3, Extractor  
  65  5:24  Roach x2  
  71  5:37  Drone  
  71  5:38  Drone x3  
  71  5:39  Extractor  
  74  5:44  Drone x6  
  74  5:49  Glial Reconstitution  
  77  6:01  Drone  
  77  6:02  Drone x5  
  83  6:06  Zergling x4  
  83  6:07  Zergling x10  
  83  6:11  Overlord  
  90  6:28  Roach  
  79  6:44  Roach  
  79  6:45  Roach x8  
  97  6:54  Roach x4  
  93  6:58  Queen  
  97  7:06  Roach x2  
  97  7:07  Roach x2  
  93  7:18  Roach x2  
  95  7:25  Hatchery  
  95  7:26  Roach  
  95  7:27  Roach x3  
  90  7:38  Roach x4  
  98  7:47  Roach  
  98  7:55  Overlord  
  98  7:56  Overlord x2  
  98  8:02  Zerg Missile Weapons Level 2  
  98  8:03  Zerg Ground Armor Level 2  
  96  8:06  Extractor  
  96  8:12  Roach  
  93  8:13  Roach x2  
  93  8:15  Overlord  
  93  8:16  Overlord  
  93  8:17  Roach x4  
  105  8:20  Queen  
  107  8:34  Drone, Infestation Pit  
  107  8:35  Drone, Roach  
  107  8:36  Roach x7, Hydralisk Den  
  123  8:42  Extractor  
  123  8:46  Zergling x8  
  123  8:47  Zergling x4  
  128  9:05  Grooved Spines  
  128  9:09  Roach x10  
  90  9:33  Roach x7  
  90  9:34  Roach x2  
  103  9:46  Roach  
  103  9:47  Roach x4  
  107  9:56  Hatchery  
  107  9:59  Roach  
  98  10:00  Roach x2  
  98  10:06  Roach x3  
  104  10:15  Roach x2  
  104  10:16  Roach  
  110  10:28  Hydralisk x2  
  110  10:29  Hydralisk x2  
  119  10:36  Extractor  
  110  10:44  Roach  
  110  10:45  Roach x4  
  117  10:53  Roach x5  
  117  10:54  Roach x2  
Tags
 
Add a new tag
Caveats
  • Supply blocks, unpowered buildings, or Contaminate may cause inaccurate times.
  • Supply counts are checked every 10 seconds.